 Dungeon Crawl Stone Soup version 0.29.1-1-gd02db69 (webtiles) character file.

Game seed: 10053146444118428069

178 mallonox the Trooper (level 5, -3/70 HPs)
             Began as a Draconian Berserker on Jan 3, 2023.
             Was a Believer of Trog.
             Killed from afar by a white imp (12 damage)
             ... with a puff of frost
             ... on level 4 of the Dungeon.
             The game lasted 00:06:59 (2921 turns).

mallonox the Trooper (Draconian Berserker)          Turns: 2921, Time: 00:07:01

Health: -3/70      AC:  5    Str: 21    XL:     5   Next: 32%
Magic:  5/5        EV: 12    Int:  8    God:    Trog [**....]
Gold:   186        SH:  0    Dex: 10    Spells: 4/4 levels left

rFire   . . .      SeeInvis .   a - +0 hand axe
rCold   . . .      Faith    .   (no shield)
rNeg    . . .      Spirit   .   (body armour unavailable)
rPois   .          Reflect  .   (helmet restricted)
rElec   .          Harm     .   (no cloak)
rCorr   .          Rampage  .   (no gloves)
Will    .....                   (no boots)
Stlth   ..........              l - amulet of the acrobat
HPRegen 0.21/turn               (no ring)
MPRegen 0.09/turn               (no ring)

@: berserking, slowed
A: AC +5, unfitting armour, cold-blooded
a: Renounce Religion, Berserk, Trog's Hand


You were on level 4 of the Dungeon.
You worshipped Trog.
Trog was pleased with you.
You visited 1 branch of the dungeon, and saw 4 of its levels.

You collected 186 gold pieces.

Inventory:

Hand Weapons
 a - a +0 hand axe (weapon)
Missiles
 t - 2 throwing nets (quivered)
Jewellery
 g - an amulet of magic regeneration
 l - an amulet of the acrobat (around neck)
Scrolls
 b - 2 scrolls of teleportation {unknown}
 d - a scroll of enchant weapon {unknown}
 f - a scroll of poison {unknown}
 j - 2 scrolls of torment {unknown}
 k - 2 scrolls of fog {unknown}
 m - a scroll of noise {unknown}
 p - a scroll of enchant armour {unknown}
 q - a scroll of immolation {unknown}
 r - 2 scrolls of identify {unknown}
 s - 3 scrolls of summoning {unknown}
Potions
 c - 3 potions of curing {unknown}
 e - 2 potions of haste {unknown}
 h - 2 potions of degeneration {unknown}
 i - a potion of magic {unknown}
 n - a potion of berserk rage {unknown}
 o - a potion of brilliance {unknown}


   Skills:
 + Level 4.9 Fighting
 - Level 3.0 Axes
 + Level 4.0 Dodging
 + Level 2.2 Stealth


You had 4 spell levels left.
You didn't know any spells.
Your spell library was empty.

Dungeon Overview and Level Annotations

Branches:
Dungeon (4/15)
 Temple: D:4-7

Altars:
Hepliaklqana
Makhleb
Nemelex Xobeh
Ru
Sif Muna
Uskayaw
Vehumet
Yredelemnul
The Shining One


Innate Abilities, Weirdness & Mutations

Your plain brown scales are hard. (AC +5)
You cannot fit into any form of body armour.
You are cold-blooded and may be slowed by cold attacks.


Message History

The white imp hits you. The white imp freezes you.
You hit the white imp.
The white imp is severely wounded.
The white imp misses you.
You hit the white imp.
The white imp is severely wounded.
The white imp barely misses you.
You barely miss the white imp.
You tail-slap the white imp, but do no damage.
The white imp is severely wounded.
The white imp shouts, "Scamper home, thou odious fat-kidneyed dandiprat!"
The white imp gestures at you. The puff of frost misses you.
You hit the white imp. You tail-slap the white imp.
You kill the white imp!
Trog accepts your kill.
You hit the white imp.
The white imp is moderately wounded.
The white imp hits you. The white imp freezes you.
You feel yourself slow down.
You closely miss the white imp. You tail-slap the white imp.
The white imp is severely wounded.
The white imp completely misses you. The white imp gestures at you.
The puff of frost hits you!
You barely miss the white imp.
The white imp is severely wounded.
You feel yourself speed up. The white imp hits you.
* * * LOW HITPOINT WARNING * * *
The white imp freezes you.
You feel yourself slow down.
* * * LOW HITPOINT WARNING * * *
The white imp misses you.
A red film seems to cover your vision as you go berserk!
You feel yourself moving faster!
You feel mighty! The white imp gestures at you. The puff of frost hits you.
* * * LOW HITPOINT WARNING * * *
The white imp gestures at you. The puff of frost hits you!
You die...

.....#.#
....#.#
......#
."... ....
#.. #5#
#@# #
#.##.##8.
#......8.
#<.....~.
#..#.~~~.
#.~~~~≈≈.
~~~≈≈≈≈≈.
≈≈≈≈≈≈~~.
≈≈≈≈~~~~8.


You could see a white imp.

Vanquished Creatures
  8 gnolls (D:3)
  4 adders
  A shadow imp (D:4)
  A white imp (D:4)
  An ufetubus (D:4)
  2 dart slugs (D:3)
  5 ball pythons
  2 endoplasms
  2 giant cockroaches (D:3)
  4 hobgoblins
  3 jackals (D:2)
  A kobold (D:1)
  3 quokkas
  A frilled lizard (D:3)
  A goblin (D:3)
  15 rats
54 creatures vanquished.

Notes
Turn   | Place    | Note
-------+----------+-------------------------------------------
     0 | D:1      | mallonox the Draconian Berserker began the quest for the
                  | Orb.
     0 | D:1      | Reached XP level 1. HP: 19/19 MP: 1/1
    43 | D:1      | You fall into a shaft and drop 1 floor!
   294 | D:1      | Reached XP level 2. HP: 22/26 MP: 2/2
   458 | D:1      | Found Iniqika's Distillery.
  1026 | D:2      | Reached XP level 3. HP: 28/33 MP: 3/3
  1592 | D:2      | Reached skill level 1 in Stealth
  2004 | D:3      | Reached XP level 4. HP: 20/40 MP: 4/4
  2229 | D:3      | Reached ** piety under Trog
  2407 | D:3      | Found a sparkling altar of Nemelex Xobeh.
  2545 | D:3      | Found a shimmering blue altar of Sif Muna.
  2558 | D:3      | Found a hazy altar of Hepliaklqana.
  2561 | D:3      | Reached XP level 5. HP: 37/47 MP: 5/5
  2725 | D:3      | Found a radiant altar of Vehumet.
  2731 | D:3      | Found a hide-covered altar of Uskayaw.
  2731 | D:3      | Found a burning altar of Makhleb.
  2733 | D:3      | Found a glowing golden altar of the Shining One.
  2736 | D:3      | Found a sacrificial altar of Ru.
  2737 | D:3      | Found a basalt altar of Yredelemnul.
  2871 | D:3      | Found a faded altar of an unknown god.
  2921 | D:4      | Killed from afar by a white imp

Illustrated notes

Levels and vault maps discovered:
D:1:      spicycebolla_green_bress_n_ham, layout_loops_ring, serial_shops, shop,
          corexii_leaking_fountain, minmay_rat_gold_closets
D:2:      layout_loops_cross
D:3:      layout_basic, nemelex_xobeh_ov_fountains_minmay,
          grunt_temple_overflow_open, chequers_ecumenical_altar_simple_redux
D:4:      wander_river, layout_loops_ring, cheibrodos_ashenzari_chains,
          serial_shops, shop_fountains, serial_demonic, serial_demonic_b,
          serial_demonic_a, serial_demonic_a, serial_demonic_g, uniq_sigmund,
          uniq_robin

Skill      XL: |  1  2  3  4  5 |
---------------+----------------+-----
Dodging        | 3 4 |  4.0
Fighting       | 4 |  4.9
Stealth        | 1 2 |  2.2
Axes           | |  3.0

Action                   |  1- 3 |  4- 6 || total
-------------------------+-------+-------++-------
Melee: Hand axe          |    81 |    60 ||   141
       Tailslap          |     5 |     9 ||    14
       Punch             |     2 |     1 ||     3
Invok: Berserk           |     1 |     2 ||     3
 Stab: Sleeping          |     4 |     2 ||     6
Armor: Skin              |    15 |    13 ||    28
Dodge: Dodged            |    51 |    44 ||    95
